 Dungeon Crawl Stone Soup version 0.30-a0-1112-gfb780f5df6 (webtiles) character file.

Game seed: 9345426001151450153

23 qeuew the Magician (level 2, -2/15 HPs)
             Began as a Deep Elf Air Elementalist on Apr 19, 2023.
             Slain by a phantom (6 damage)
             ... on level 2 of the Dungeon.
             The game lasted 00:01:28 (1058 turns).

qeuew the Magician (Deep Elf Air Elementalist)      Turns: 1058, Time: 00:01:28

Health: -2/15      AC:  2    Str:  5    XL:     2   Next: 75%
Magic:  3/8        EV: 13    Int: 19    God:
Gold:   36         SH:  0    Dex: 15    Spells: 4/7 levels left

rFire   . . .      SeeInvis .    (no weapon)
rCold   . . .      Faith    .    (no shield)
rNeg    . . .      Spirit   .    a - +0 robe
rPois   .          Reflect  .    (no helmet)
rElec   .          Rampage  .    (no cloak)
rCorr   .                        (no gloves)
Will    .....                    (no boots)
Stlth   ++                       c - amulet of the acrobat
HPRegen 0.22/turn                (no ring)
MPRegen 0.11/turn                (no ring)

@: no status effects
A: no striking features
a: no special abilities


You were on level 2 of the Dungeon.
You visited 1 branch of the dungeon, and saw 2 of its levels.

You collected 36 gold pieces.

Inventory:

Armour
 a - a +0 robe (worn)
Jewellery
 c - an amulet of the acrobat (around neck)
Scrolls
 b - a scroll of immolation {unknown}
 e - a scroll of enchant weapon
 f - 2 scrolls of enchant armour


   Skills:
 + Level 2.8 Dodging
 + Level 2.9 Stealth
 + Level 3.3 Spellcasting
 + Level 1.6 Conjurations
 + Level 3.2 Air Magic


You had 4 spell levels left.
You knew the following spells:

 Your Spells              Type           Power      Damage    Failure   Level
a - Shock                 Conj/Air       48%        1d6       5%          1
b - Static Discharge      Conj/Air       24%        2-3/arc   9%          2

Your spell library contained the following spells:

 Spells                   Type           Power      Damage    Failure   Level
 Swiftness                Air            15%        N/A       12%         3
 Ensorcelled Hibernation  Hex/Ice        6%         N/A       22%         2
 Airstrike                Air            7%         2d(2-18)  36%         4
 Spider Form              Tmut/Pois      3%         N/A       41%         3
 Anguish                  Hex/Necr       1%         N/A       82%         4


Dungeon Overview and Level Annotations

Branches:
Dungeon (2/15)

Altars:

Shops:
D:1 [


Message History

The phantom barely misses you.
Your magical contamination has completely faded away.
Aiming: Shock (safe; 5% risk of failure)
Press: ? - help, Q - select action, (/) - cycle Shift-Dir - straight line, f/p - phantom
Aim: a phantom (severely damaged, 56% to hit)
The zap misses the phantom.
The phantom misses you.
Unknown command.
Aiming: Shock (safe; 5% risk of failure)
Press: ? - help, Q - select action, (/) - cycle Shift-Dir - straight line, f/p - phantom
Aim: a phantom (severely damaged, 56% to hit)
The zap hits the phantom.
The phantom is severely damaged.
The phantom hits you.
The phantom blinks!
You blink.
Aiming: Shock (safe; 5% risk of failure)
Press: ? - help, Q - select action, (/) - cycle Shift-Dir - straight line, f/p - phantom
Aim: a phantom (severely damaged, 56% to hit)
The zap misses the phantom.
The phantom hits you.
* * * LOW HITPOINT WARNING * * *
The phantom blinks!
You blink.
Aiming: Shock (safe; 5% risk of failure)
Press: ? - help, Q - select action, (/) - cycle Shift-Dir - straight line, f/p - phantom
Aim: a phantom (severely damaged, 56% to hit)
That beam is likely to hit you.
Continue anyway?
Okay, then.
The phantom barely misses you.
Aiming: Shock (safe; 5% risk of failure)
Press: ? - help, Q - select action, (/) - cycle Shift-Dir - straight line, f/p - phantom
Aim: a phantom (severely damaged, 56% to hit)
The zap misses the phantom.
The phantom hits you but does no damage.
Unknown command.
Aiming: Shock (safe; 5% risk of failure)
Press: ? - help, Q - select action, (/) - cycle Shift-Dir - straight line, f/p - phantom
Aim: a phantom (severely damaged, 56% to hit)
The zap hits the phantom.
The phantom is almost destroyed.
The phantom hits you.
You die...

##### #...# #...# #...#
#W..# ######.@.##
#.........# #.........#
#.........# #........†#
########.........###########
..........K.......>........#
.................#.#######.#
........K................#.#


You could see a phantom and a kobold.

Vanquished Creatures
  A dart slug (D:1)
  A bat (D:1)
  3 hobgoblins
  4 jackals (D:1)
  2 kobolds (D:1)
  3 quokkas
  A frilled lizard (D:1)
  4 rats
19 creatures vanquished.

Notes
Turn   | Place    | Note
-------+----------+-------------------------------------------
     0 | D:1      | qeuew the Deep Elf Air Elementalist began the quest for the
                  | Orb.
     0 | D:1      | Reached XP level 1. HP: 10/10 MP: 6/6
    59 | D:1      | Found Veuguerghie's Armour Shop.
    59 | D:1      | Noticed an animated gold dragon scales
    60 | D:1      | Noticed an animated pearl dragon scales
   280 | D:1      | Reached XP level 2. HP: 15/15 MP: 6/8
   875 | D:1      | Learned a level 2 spell: Static Discharge
  1042 | D:2      | Noticed a phantom
  1058 | D:2      | Slain by a phantom

Illustrated notes

Levels and vault maps discovered:
D:1:      amcnicky_arrival_blooded_trapdoor, layout_basic, serial_shops,
          nicolae_shop_mannequins
D:2:      layout_basic, kennysheep_generic_room_5, uniq_natasha

Action                     || total
---------------------------++-------
   Cast: Shock             ||    52
    Use: Scroll            ||     6
         Potion            ||     3
 Armour: Robe              ||     3
  Dodge: Dodged            ||    17

Table legend: (Time is in decaauts)
 A = Elapsed time spent in this place.
 B = Non-inter-level travel time spent in this place.
 C = Inter-level travel time spent in this place.
 D = Time resting spent in this place.
 E = Time spent auto-exploring this place.
 F = Levels seen in this place.
 G = Mean time per level.
                   A        B        C        D        E       F      G
               +--------+--------+--------+--------+--------+-----+--------+
         Total |   1071 |   1058 |     13 |      0 |    930 |   2 |  535.5 |
       Dungeon |   1071 |   1058 |     13 |      0 |    930 |   2 |  535.5 |
               +--------+--------+--------+--------+--------+-----+--------+

Top non-repeatable levels by time:
     D:1: 907 daAuts
     D:2: 163 daAuts
